 Dungeon Crawl Stone Soup version 0.30-a0-1160-g6e42c06551 (webtiles) character file.

Game seed: 17090712874416198572

751 vineage the Fighter (level 7, -4/50 HPs)
             Began as a Gargoyle Fighter on Apr 26, 2023.
             Slain by a yak (6 damage)
             ... on level 4 of the Dungeon.
             The game lasted 00:04:04 (4700 turns).

vineage the Fighter (Gargoyle Fighter)              Turns: 4700, Time: 00:04:04

Health: -4/50      AC: 16    Str: 21    XL:     7   Next: 78%
Magic:  7/7        EV:  6    Int:  9    God:
Gold:   320        SH:  4    Dex:  9    Spells: 6/6 levels left

rFire   . . .        a - +0 flail (vamp)
rCold   . . .        c - +0 buckler
rNeg    + . .        p - +0 plate armour
rPois   ∞            (no helmet)
rElec   +            (no cloak)
rCorr   .            (no gloves)
SInv    .            (no boots)
Will    .....        (no amulet) Stlth
                     (no ring)
HPRegen 0.28/turn    (no ring)
MPRegen 0.10/turn

%: no passive effects
@: no status effects
A: sickness immunity, AC +4, negative energy resistance 1, electricity
resistance, torment resistance 1, petrification resistance
a: no special abilities


You were on level 4 of the Dungeon.
You visited 1 branch of the dungeon, and saw 5 of its levels.

You collected 320 gold pieces.

Inventory:

Hand Weapons
 a - a +0 vampiric flail (weapon)
Armour
 b - a +0 scale mail
 c - a +0 buckler (worn)
 p - a +0 plate armour (worn)
Scrolls
 g - a scroll of brand weapon
 k - 2 scrolls of teleportation
 l - 3 scrolls of amnesia
 n - 2 scrolls of identify
Potions
 d - a potion of might
 e - 2 potions of cancellation {unknown}
 f - 2 potions of curing
 h - 2 potions of brilliance
 i - a potion of heal wounds
 j - a potion of ambrosia
 m - a potion of flight {unknown}
 o - a potion of haste {unknown}
 q - a potion of magic {unknown}


   Skills:
 + Level 8.4 Fighting
 * Level 3.6 Maces & Flails
 + Level 4.1 Armour
 + Level 4.1 Shields


You had 6 spell levels left.
You didn't know any spells.
Your spell library contained the following spells:

 Spells                   Type           Power      Damage    Failure   Level
 Frozen Ramparts          Ice            0%         1d1       100%        3
 Ice Form                 Ice/Tmut       0%         N/A       100%        4
 Summon Ice Beast         Ice/Summ       0%         N/A       100%        4
 Blade Hands              Tmut           0%         N/A       100%        5
 Irradiate                Conj/Tmut      0%         3d11      100%        5
 Dragon Form              Tmut           0%         N/A       100%        7


Dungeon Overview and Level Annotations

Branches:
Dungeon (5/15)
 Temple: D:4-7

Altars:
Gozag
Wu Jian


Innate Abilities, Weirdness & Mutations

You are immune to sickness and miasma.
Your stone body is resilient. (AC +4)
You are immune to poison.
You resist negative energy. (rN+)
You are resistant to electric shocks. (rElec)
You are resistant to unholy torment.
You are immune to petrification.


Message History

The yak gores you but does no damage. The yak barely misses you.
You climb upwards.
There is a stone staircase leading down here.
You see here a +0 short sword.
The yak attacks as you move away! The yak gores you!
The yak attacks as you move away! The yak gores you but does no damage.
You completely miss the yak. You block the yak's attack.
You hit the yak.
The yak is lightly wounded.
The yak barely misses you. You block the yak's attack.
You barely miss the yak.
The yak is lightly wounded.
The yak gores you but does no damage.
You hit the yak.
The yak is lightly wounded.
The yak gores you!
You hit the yak but do no damage.
The yak is lightly wounded.
The yak gores you but does no damage. The yak gores you.
You barely miss the yak.
The yak is lightly wounded.
You block the yak's attack.
You hit the yak but do no damage.
The yak is lightly wounded.
The yak barely misses you.
You barely miss the yak.
The yak is lightly wounded.
The yak gores you!
* * * LOW HITPOINT WARNING * * *
You barely miss the yak.
The yak is lightly wounded.
You block the yak's attack. The yak gores you!
* * * LOW HITPOINT WARNING * * *
You hit the yak.
The yak is moderately wounded.
The yak gores you but does no damage.
You barely miss the yak.
The yak is moderately wounded.
The yak gores you.
You die...

......# #.....##.#####.#####
#####.##### #.....##.#..(.......
#.....####.)...##.#.##..#####
#####..........##.#.##.######
########....#.#....##....
######## ####.#............
.......# #.#.#######.#..
.......############...#######.#.#
................@YY>..........#.#
.......######################.#.#
..............................#.#
.......#####.###############.##.#
.......# #.# #.......<.....#
######## #.## #.######.#.####
#..# #.# #.#.# #####'#####.#
#.#.# ##⌠##≈.≈##⌠########.#.#


You could see 2 yaks.

Vanquished Creatures
  A black bear (D:2)
  The ghost of jackserious the Covered, an amateur HuFi (D:3)
  A phantom (D:4)
  A scorpion (D:5)
  2 jellies
  4 hounds
  An orc priest (D:4)
  2 iguanas (D:5)
  Robin (D:2)
  9 adders
  An ufetubus (D:4)
  4 worms
  2 dart slugs (D:3)
  2 orcs
  5 endoplasms
  A giant cockroach (D:3)
  22 goblins
  8 hobgoblins
  4 jackals (D:2)
  6 ball pythons
  6 bats
  3 frilled lizards
  6 kobolds
  6 rats
99 creatures vanquished.

Notes
Turn   | Place    | Note
-------+----------+-------------------------------------------
     0 | D:1      | vineage the Gargoyle Fighter began the quest for the Orb.
     0 | D:1      | Reached XP level 1. HP: 14/14 MP: 1/1
    92 | D:1      | Reached XP level 2. HP: 20/20 MP: 2/2
   102 | D:1      | Reached skill level 4 in Fighting
   702 | D:1      | Reached XP level 3. HP: 24/24 MP: 3/3
  1118 | D:2      | Reached skill level 5 in Fighting
  1251 | D:2      | Noticed a black bear
  1257 | D:2      | Reached XP level 4. HP: 28/31 MP: 4/4
  1266 | D:2      | Killed a black bear
  1267 | D:2      | Reached skill level 6 in Fighting
  1267 | D:2      | Reached XP level 5. HP: 14/37 MP: 5/5
  1477 | D:2      | Found a faded altar of an unknown god.
  1848 | D:3      | Noticed Robin
  1870 | D:2      | Reached skill level 7 in Fighting
  1890 | D:2      | Killed Robin
  2098 | D:3      | Reached XP level 6. HP: 38/44 MP: 6/6
  2477 | D:3      | Found a runed translucent door.
  2521 | D:3      | Noticed jackserious's ghost (amateur HuFi)
  2542 | D:3      | Killed jackserious's ghost
  2952 | D:4      | Reached skill level 8 in Fighting
  3003 | D:4      | Found an opulent altar of Gozag.
  3012 | D:4      | Found an ornate altar of the Wu Jian Council.
  3506 | D:4      | Reached XP level 7. HP: 46/49 MP: 7/7
  3807 | D:5      | Entered Level 5 of the Dungeon
  3851 | D:5      | Noticed a yak
  3851 | D:5      | Noticed a yak
  4173 | D:5      | Noticed a yak
  4174 | D:5      | Noticed a yak
  4698 | D:4      | HP: 1/50 [yak (11)]
  4700 | D:4      | Slain by a yak

Illustrated notes

Levels and vault maps discovered:
D:1:      lightli_arrival_statue_moat, layout_loops_ring
D:2:      layout_loops_cross, ebering_ecumenical_altar_mist
D:3:      layout_basic, ebering_ghost_sewer_d, uniq_robin
D:4:      layout_basic, amethyst_overflow_temple_binary
D:5:      layout_rooms, nicolae_qazlal_eye_of_the_storm

Skill      XL: |  1  2  3  4  5  6  7 |
---------------+----------------------+-----
Fighting       | 4 5 6 7 8 |  8.4
Maces & Flails | 3 |  3.6
Armour         | 4 |  4.1
Shields        | 4 |  4.1

Action                     |  1- 3 |  4- 6 |  7- 9 || total
---------------------------+-------+-------+-------++-------
  Melee: Flail             |   105 |   220 |    86 ||   411
    Use: Scroll            |       |    11 |     3 ||    14
         Potion            |       |     2 |       ||     2
 Armour: Scale mail        |    72 |    38 |       ||   110
         Plate armour      |       |   200 |    62 ||   262
  Dodge: Dodged            |    62 |    80 |    26 ||   168
  Block: Buckler           |    23 |    73 |    17 ||   113

Table legend: (Time is in decaauts)
 A = Elapsed time spent in this place.
 B = Non-inter-level travel time spent in this place.
 C = Inter-level travel time spent in this place.
 D = Time resting spent in this place.
 E = Time spent auto-exploring this place.
 F = Levels seen in this place.
 G = Mean time per level.
                   A        B        C        D        E       F      G
               +--------+--------+--------+--------+--------+-----+--------+
         Total |   4842 |   4695 |    147 |    721 |   3054 |   5 |  968.4 |
       Dungeon |   4842 |   4695 |    147 |    721 |   3054 |   5 |  968.4 |
               +--------+--------+--------+--------+--------+-----+--------+

Top non-repeatable levels by time:
     D:2: 1239 daAuts
     D:4: 1027 daAuts
     D:1: 914 daAuts
     D:5: 873 daAuts
     D:3: 787 daAuts
